TOP OF THE 1ST |
California State University at Fullerton Titans batting - Pitching for University of Georgia Bulldogs : LHP Aloiki Orana
|
Pitching: LHP Aloiki Orana
|
|
Batting: LHB Steve Lane
|
0-0: Swinging Strike 0-1: Ground out 1-3 (Groundball, 13S, EV 64.4 MPH)
|
Batting: LHB Edwin Esparza
|
0-0: Called Strike 0-1: Foul Ball, location: 2F 0-2: Ball 1-2: Foul Ball, location: 2F 1-2: Foul Ball, location: 2F 1-2: Ground out 4-3 (Groundball, 4, EV 83.8 MPH)
|
Batting: RHB Simon Sultzbach
|
0-0: Called Strike 0-1: Ball 1-1: Swinging Strike 1-2: Reached on error, E6 (Groundball, 56, EV 85.6 MPH)
|
Batting: RHB Sergio Cervantes
|
0-0: 2-RUN HOME RUN (Line Drive, 9D, EV 95.6 MPH), Distance : 374 ft
|
Batting: RHB Justin Thomas
|
0-0: Ball 1-0: Ball 2-0: Called Strike 2-1: Foul Ball, location: 2F 2-2: Foul Ball, location: 2F 2-2: Foul Ball, location: 2F 2-2: Foul Ball, location: 2F 2-2: Fly out, F1 (Popup, 15, EV 80.0 MPH)
|
Top of the 1st over - 2 runs, 1 hit, 1 error, 0 left on base; California State University at Fullerton 2 - University of Georgia 0 |
BOTTOM OF THE 1ST |
University of Georgia Bulldogs batting - Pitching for California State University at Fullerton Titans : RHP Tyler Van der Lugt
|
Pitching: RHP Tyler Van der Lugt
|
|
Batting: RHB Jeff Wornick
|
0-0: Ball 1-0: Ball 2-0: Ball 3-0: Base on Balls
|
Batting: RHB Albert Rodriguez
|
0-0: Called Strike 0-1: 2-RUN HOME RUN (Flyball, 78XD, EV 109.4 MPH), Distance : 415 ft
|
Batting: LHB Andy Dyer
|
0-0: Called Strike 0-1: Ball 1-1: Swinging Strike 1-2: Ball 2-2: Ground out 5-3 (Groundball, 5, EV 86.9 MPH)
|
Batting: RHB Rodolfo Solis
|
0-0: DOUBLE (Line Drive, 9LM, EV 107.5 MPH)
|
Batting: LHB Luis Mejia
|
0-0: Ball 1-0: Swinging Strike 1-1: Ball 2-1: Called Strike 2-2: Foul Ball, location: 2F 2-2: Foul Ball, location: 2F 2-2: Ball 3-2: Base on Balls
|
Batting: RHB Pat Svenson
|
0-0: Ball 1-0: Swinging Strike 1-1: Ball 2-1: Foul Ball, location: 2F 2-2: Foul Ball, location: 2F 2-2: Foul Ball, location: 2F 2-2: Foul Ball, location: 2F 2-2: Ball 3-2: Foul Ball, location: 2F 3-2: Base on Balls Rodolfo Solis to third Luis Mejia to second
|
Batting: RHB Ed Howard
|
0-0: Called Strike 0-1: Ball 1-1: Fly out, F7 (Line Drive, 7, EV 85.6 MPH) Runner from 3rd tags up, SCORES, throw by LF Luis Mejia to third
|
Batting: RHB Murilo Cunha
|
0-0: Called Strike 0-1: Ball 1-1: Ground out 5-3 (Groundball, 56S, EV 78.8 MPH)
|
Bottom of the 1st over - 3 runs, 2 hits, 0 errors, 2 left on base; California State University at Fullerton 2 - University of Georgia 3 |
TOP OF THE 2ND |
California State University at Fullerton Titans batting - Pitching for University of Georgia Bulldogs : LHP Aloiki Orana
|
Batting: RHB Joe McKinzie
|
0-0: Called Strike 0-1: Foul Ball, location: 2F 0-2: Strikes out looking
|
Batting: RHB Alex Freyre
|
0-0: Called Strike 0-1: Foul Ball, location: 2F 0-2: Ball 1-2: Strikes out looking
|
Batting: RHB Jeremy Evans
|
0-0: Ball 1-0: Ball 2-0: Called Strike 2-1: Ball 3-1: Ground out 5-3 (Groundball, 56S, EV 79.4 MPH)
|
Top of the 2nd over - 0 runs, 0 hits, 0 errors, 0 left on base; California State University at Fullerton 2 - University of Georgia 3 |
BOTTOM OF THE 2ND |
University of Georgia Bulldogs batting - Pitching for California State University at Fullerton Titans : RHP Tyler Van der Lugt
|
Batting: RHB James Warby
|
0-0: Called Strike 0-1: Foul Ball, location: 2F 0-2: Ball 1-2: Ball 2-2: Ball 3-2: Ground out 5-3 (Groundball, 56, EV 102.5 MPH)
|
Batting: RHB Jeff Wornick
|
0-0: Called Strike 0-1: Ball 1-1: Ball 2-1: Ball 3-1: Base on Balls
|
Batting: RHB Albert Rodriguez
|
0-0: Ball 1-0: Ball 2-0: Fielders Choice at 2nd, 5-4 (Groundball, 56, EV 87.5 MPH)
|
Batting: LHB Andy Dyer
|
0-0: Ball 1-0: Ball Albert Rodriguez is caught stealing 2nd base 2-6
|
Bottom of the 2nd over - 0 runs, 0 hits, 0 errors, 0 left on base; California State University at Fullerton 2 - University of Georgia 3 |
TOP OF THE 3RD |
California State University at Fullerton Titans batting - Pitching for University of Georgia Bulldogs : LHP Aloiki Orana
|
Batting: LHB John Blumberg
|
0-0: Ground out 4-3 (Groundball, 34, EV 85.6 MPH)
|
Batting: LHB Steve Lane
|
0-0: Foul Ball, location: 2F 0-1: Ball 1-1: Called Strike 1-2: Strikes out swinging
|
Batting: LHB Edwin Esparza
|
0-0: Ball 1-0: Ball 2-0: Ball 3-0: Called Strike 3-1: Foul Ball, location: 2F 3-2: Ground out U3 (Groundball, 34, EV 82.5 MPH)
|
Top of the 3rd over - 0 runs, 0 hits, 0 errors, 0 left on base; California State University at Fullerton 2 - University of Georgia 3 |
BOTTOM OF THE 3RD |
University of Georgia Bulldogs batting - Pitching for California State University at Fullerton Titans : RHP Tyler Van der Lugt
|
Batting: LHB Andy Dyer
|
0-0: Foul Ball, location: 2F 0-1: Ball 1-1: Ground out 5-3 (Groundball, 5, EV 86.9 MPH)
|
Batting: RHB Rodolfo Solis
|
0-0: Called Strike 0-1: Ball 1-1: Called Strike 1-2: Foul Ball, location: 2F 1-2: Foul Ball, location: 2F 1-2: Ball 2-2: Ball 3-2: Base on Balls
|
Batting: LHB Luis Mejia
|
0-0: Ball 1-0: Ball 2-0: Foul Ball, location: 2F 2-1: Ball 3-1: Fielders Choice at 2nd, 3-6 (Groundball, 23, EV 83.1 MPH)
|
Batting: RHB Pat Svenson
|
0-0: Reached on error, E9 (Flyball, 9D, EV 91.9 MPH) Luis Mejia to third
|
Batting: RHB Ed Howard
|
0-0: Foul Ball, location: 2F 0-1: Ball 1-1: Foul Ball, location: 2F 1-2: Fly out, F7 (Flyball, 7D, EV 103.1 MPH)
|
Bottom of the 3rd over - 0 runs, 0 hits, 1 error, 2 left on base; California State University at Fullerton 2 - University of Georgia 3 |
TOP OF THE 4TH |
California State University at Fullerton Titans batting - Pitching for University of Georgia Bulldogs : LHP Aloiki Orana
|
Batting: RHB Simon Sultzbach
|
0-0: Ball 1-0: Ball 2-0: Called Strike 2-1: Called Strike 2-2: Ground out 4-3 (Groundball, 4, EV 103.8 MPH)
|
Batting: RHB Sergio Cervantes
|
0-0: Ground out 5-3 (Groundball, 56S, EV 83.8 MPH)
|
Batting: RHB Justin Thomas
|
0-0: Foul Ball, location: 2F 0-1: Fly out, F7 (Flyball, 7D, EV 93.8 MPH)
|
Top of the 4th over - 0 runs, 0 hits, 0 errors, 0 left on base; California State University at Fullerton 2 - University of Georgia 3 |
BOTTOM OF THE 4TH |
University of Georgia Bulldogs batting - Pitching for California State University at Fullerton Titans : RHP Tyler Van der Lugt
|
Batting: RHB Murilo Cunha
|
0-0: Fly out, F7 (Line Drive, 78M, EV 107.5 MPH)
|
Batting: RHB James Warby
|
0-0: Ball 1-0: Foul Ball, location: 2F 1-1: Foul Ball, location: 2F 1-2: Foul Ball, location: 2F 1-2: Ball 2-2: Ball 3-2: Foul Ball, location: 2F 3-2: Foul Ball, location: 2F 3-2: SINGLE (Flyball, 7, EV 83.8 MPH)
|
Pitching: RHP Adhamhnan Muljana
|
|
Batting: RHB Jeff Wornick
|
0-0: Ball 1-0: Called Strike 1-1: Ball 2-1: Ball 3-1: Foul Ball, location: 2F 3-2: Foul Ball, location: 2F 3-2: Fielders Choice at 2nd, 6-4 (Groundball, 6S, EV 83.8 MPH)
|
Now at 2B: B.J. Ferguson
|
|
Batting: RHB Albert Rodriguez
|
0-0: Ball Jeff Wornick steals 2nd base 1-0: Foul Ball, location: 2F 1-1: Swinging Strike 1-2: Ball 2-2: Foul Ball, location: 2F 2-2: Ball 3-2: Ground out U3 (Groundball, 3, EV 105.0 MPH)
|
Bottom of the 4th over - 0 runs, 1 hit, 0 errors, 1 left on base; California State University at Fullerton 2 - University of Georgia 3 |
TOP OF THE 5TH |
California State University at Fullerton Titans batting - Pitching for University of Georgia Bulldogs : LHP Aloiki Orana
|
Batting: RHB Joe McKinzie
|
0-0: Foul Ball, location: 2F 0-1: Ball 1-1: Called Strike 1-2: Ball 2-2: Fly out, F5 (Popup, 5, EV 76.9 MPH)
|
Batting: RHB Alex Freyre
|
0-0: Ball 1-0: Called Strike 1-1: Ground out 4-3 (Groundball, 4M, EV 88.1 MPH)
|
Batting: RHB Jeremy Evans
|
0-0: Called Strike 0-1: Swinging Strike 0-2: Ball 1-2: Strikes out swinging
|
Top of the 5th over - 0 runs, 0 hits, 0 errors, 0 left on base; California State University at Fullerton 2 - University of Georgia 3 |
BOTTOM OF THE 5TH |
University of Georgia Bulldogs batting - Pitching for California State University at Fullerton Titans : RHP Adhamhnan Muljana
|
Batting: LHB Andy Dyer
|
0-0: Swinging Strike 0-1: Foul Ball, location: 2F 0-2: Foul Ball, location: 2F 0-2: Foul Ball, location: 2F 0-2: Strikes out looking
|
Batting: RHB Rodolfo Solis
|
0-0: Ball 1-0: Ground out 5-3 (Groundball, 56S, EV 68.8 MPH)
|
Batting: LHB Luis Mejia
|
0-0: Foul Ball, location: 2F 0-1: Swinging Strike 0-2: Strikes out swinging
|
Bottom of the 5th over - 0 runs, 0 hits, 0 errors, 0 left on base; California State University at Fullerton 2 - University of Georgia 3 |
TOP OF THE 6TH |
California State University at Fullerton Titans batting - Pitching for University of Georgia Bulldogs : LHP Aloiki Orana
|
Batting: LHB John Blumberg
|
0-0: Ball 1-0: Swinging Strike 1-1: Ball 2-1: Foul Ball, location: 2F 2-2: Reached on error, E4 (Groundball, 4, EV 86.2 MPH)
|
Pitching: RHP Tony Fox
|
|
Batting: LHB Steve Lane
|
0-0: Ball 1-0: Called Strike 1-1: Ball 2-1: Ball 3-1: Foul Ball, location: 2F 3-2: Fly out, F7 (Flyball, 78M, EV 84.4 MPH)
|
Batting: LHB Edwin Esparza
|
0-0: Called Strike 0-1: Foul Ball, location: 2F 0-2: Ball 1-2: Foul Ball, location: 2F 1-2: Foul Ball, location: 2F 1-2: Foul Ball, location: 2F 1-2: Ball 2-2: Foul Ball, location: 2F 2-2: Foul Ball, location: 2F 2-2: Foul Ball, location: 2F 2-2: Foul Ball, location: 2F 2-2: Foul Ball, location: 2F 2-2: Ball 3-2: Fly out, F4 (Popup, 23, EV 94.4 MPH)
|
Batting: RHB Simon Sultzbach
|
0-0: Called Strike 0-1: Swinging Strike 0-2: Strikes out swinging
|
Top of the 6th over - 0 runs, 0 hits, 1 error, 1 left on base; California State University at Fullerton 2 - University of Georgia 3 |
BOTTOM OF THE 6TH |
University of Georgia Bulldogs batting - Pitching for California State University at Fullerton Titans : RHP Adhamhnan Muljana
|
Batting: RHB Pat Svenson
|
0-0: Ball 1-0: Called Strike 1-1: Swinging Strike 1-2: Ball 2-2: Foul Ball, location: 2F 2-2: Strikes out swinging
|
Batting: RHB Ed Howard
|
0-0: Swinging Strike 0-1: Ball 1-1: Swinging Strike 1-2: Ball 2-2: Strikes out swinging, 2-3 out at first.
|
Batting: RHB Murilo Cunha
|
0-0: Called Strike 0-1: Ball 1-1: Ball 2-1: Ball 3-1: Foul Ball, location: 2F 3-2: Base on Balls
|
Pitching: RHP Jorge Garza
|
|
Batting: RHB James Warby
|
0-0: Ball Murilo Cunha steals 2nd base 1-0: Ball 2-0: Foul Ball, location: 2F 2-1: Ball 3-1: Foul Ball, location: 2F 3-2: Reached on error, E6 (Groundball, 6, EV 104.4 MPH) Murilo Cunha to third
|
Batting: RHB Jeff Wornick
|
0-0: Foul Ball, location: 2F 0-1: Foul Ball, location: 2F 0-2: Foul Ball, location: 2F 0-2: Fielders Choice at 2nd, 6-4 (Groundball, 6, EV 90.6 MPH)
|
Bottom of the 6th over - 0 runs, 0 hits, 1 error, 2 left on base; California State University at Fullerton 2 - University of Georgia 3 |
TOP OF THE 7TH |
California State University at Fullerton Titans batting - Pitching for University of Georgia Bulldogs : RHP Tony Fox
|
Pitching: LHP Jon Lucas
|
|
Batting: LHB B.J. Ferguson
|
0-0: Swinging Strike 0-1: Fly out, F7 (Line Drive, 7LM, EV 92.5 MPH)
|
Batting: RHB Justin Thomas
|
0-0: Swinging Strike 0-1: Ball 1-1: Called Strike 1-2: Ball 2-2: Foul Ball, location: 2F 2-2: Ball 3-2: Base on Balls
|
Batting: RHB Joe McKinzie
|
0-0: Foul Ball, location: 2F 0-1: Swinging Strike 0-2: Fly out, F8 (Flyball, 8LM, EV 95.6 MPH)
|
Batting: RHB Alex Freyre
|
0-0: Ball 1-0: Ball Wild Pitch! Justin Thomas to second 2-0: Called Strike 2-1: Ball 3-1: Swinging Strike 3-2: Base on Balls
|
Pinch Hitting: LHB Mike Lauritsen
|
0-0: Ball 1-0: Called Strike 1-1: Foul Ball, location: 2F 1-2: Ball 2-2: Strikes out swinging
|
Top of the 7th over - 0 runs, 0 hits, 0 errors, 2 left on base; California State University at Fullerton 2 - University of Georgia 3 |
BOTTOM OF THE 7TH |
University of Georgia Bulldogs batting - Pitching for California State University at Fullerton Titans : RHP Jorge Garza
|
Pitching: RHP Jordan Vasquez
|
|
Now at 3B: Mike Lauritsen
|
|
Batting: RHB Albert Rodriguez
|
0-0: SINGLE (Groundball, 4MD, EV 99.4 MPH)
|
Batting: LHB Andy Dyer
|
0-0: Ball 1-0: Called Strike 1-1: Swinging Strike 1-2: Strikes out swinging
|
Batting: RHB Rodolfo Solis
|
0-0: Ball 1-0: Grounds into double play, 6-4-3 (Groundball, 56, EV 83.1 MPH)
|
Bottom of the 7th over - 0 runs, 1 hit, 0 errors, 0 left on base; California State University at Fullerton 2 - University of Georgia 3 |
TOP OF THE 8TH |
California State University at Fullerton Titans batting - Pitching for University of Georgia Bulldogs : LHP Jon Lucas
|
Pitching: LHP Vinny Segarra
|
|
Batting: LHB John Blumberg
|
0-0: Called Strike 0-1: Called Strike 0-2: Strikes out looking
|
Batting: LHB Steve Lane
|
0-0: Ball 1-0: Ball 2-0: Called Strike 2-1: Ground out 4-3 (Groundball, 34, EV 106.9 MPH)
|
Batting: LHB Edwin Esparza
|
0-0: Ball 1-0: Ball 2-0: Ball 3-0: Called Strike 3-1: Swinging Strike 3-2: Foul Ball, location: 2F 3-2: Fly out, F8 (Flyball, 8LD, EV 98.8 MPH)
|
Top of the 8th over - 0 runs, 0 hits, 0 errors, 0 left on base; California State University at Fullerton 2 - University of Georgia 3 |
BOTTOM OF THE 8TH |
University of Georgia Bulldogs batting - Pitching for California State University at Fullerton Titans : RHP Jordan Vasquez
|
Batting: LHB Luis Mejia
|
0-0: Ball 1-0: Called Strike 1-1: Swinging Strike 1-2: Ball 2-2: Ball 3-2: Strikes out swinging
|
Batting: RHB Pat Svenson
|
0-0: Ball 1-0: Foul Ball, location: 2F 1-1: Swinging Strike 1-2: Foul Ball, location: 2F 1-2: Ball 2-2: Foul Ball, location: 2F 2-2: Ball 3-2: Foul Ball, location: 2F 3-2: SINGLE (Line Drive, 8RS, EV 103.1 MPH)
|
Batting: RHB Ed Howard
|
0-0: Ball 1-0: Called Strike 1-1: Ball 2-1: Called Strike 2-2: Fly out, F8 (Flyball, 8LM, EV 83.8 MPH)
|
Batting: RHB Murilo Cunha
|
0-0: Ball 1-0: Ball 2-0: Ball 3-0: Base on Balls Pat Svenson to second
|
Pinch Hitting: LHB Bryan Ross
|
0-0: Ball 1-0: Ball 2-0: Ball 3-0: Base on Balls Pat Svenson to third Murilo Cunha to second
|
Pinch Hitting: RHB Javier Alcorta
|
0-0: Ball 1-0: SINGLE (Groundball, 6M, EV 104.4 MPH) (infield hit) Pat Svenson scores Murilo Cunha to third Bryan Ross to second
|
Pitching: RHP Jaime Zapata
|
|
Batting: RHB Albert Rodriguez
|
0-0: SINGLE (Line Drive, 56D, EV 98.1 MPH) Murilo Cunha scores Bryan Ross to third Javier Alcorta to second Runner from 3rd tries for Home, SAFE, throw by LF to home
|
Batting: LHB Andy Dyer
|
0-0: 3-RUN HOME RUN (Flyball, 7LD, EV 93.8 MPH), Distance : 350 ft
|
Batting: RHB Rodolfo Solis
|
0-0: Ground out 6-3 (Groundball, 6MD, EV 87.5 MPH)
|
Bottom of the 8th over - 6 runs, 4 hits, 0 errors, 0 left on base; California State University at Fullerton 2 - University of Georgia 9 |
TOP OF THE 9TH |
California State University at Fullerton Titans batting - Pitching for University of Georgia Bulldogs : LHP Vinny Segarra
|
Now at SS: Justin Szymczyk
|
|
Now in LF: Bryan Ross
|
|
Now in CF: Murilo Cunha
|
|
Batting: RHB Simon Sultzbach
|
0-0: Foul Ball, location: 2F 0-1: Foul Ball, location: 2F 0-2: Foul Ball, location: 2F 0-2: Ball 1-2: Ground out 6-3 (Groundball, 6, EV 100.6 MPH)
|
Batting: LHB B.J. Ferguson
|
0-0: DOUBLE (Flyball, 7LD, EV 101.2 MPH)
|
Batting: RHB Justin Thomas
|
0-0: Called Strike 0-1: Ball 1-1: Ball 2-1: Ball 3-1: SINGLE (Flyball, 7LS, EV 91.2 MPH) B.J. Ferguson to third
|
Batting: RHB Joe McKinzie
|
0-0: Ball 1-0: Ball 2-0: Ball 3-0: Base on Balls Justin Thomas to second
|
Pitching: RHP Bi`nh Heng
|
|
Batting: RHB Alex Freyre
|
0-0: Called Strike 0-1: Ball 1-1: Swinging Strike 1-2: Ball 2-2: Ball 3-2: Reached via error on a dropped throw from 3B, E4 (Groundball, 56, EV 111.9 MPH) B.J. Ferguson scores Justin Thomas to third Joe McKinzie to second
|
Batting: LHB Mike Lauritsen
|
0-0: Foul Ball, location: 2F 0-1: Ball 1-1: Ball 2-1: Swinging Strike 2-2: Ball 3-2: Foul Ball, location: 2F 3-2: Foul Ball, location: 2F 3-2: Base on Balls Justin Thomas scores Joe McKinzie to third Alex Freyre to second
|
Batting: LHB John Blumberg
|
0-0: Called Strike 0-1: Grounds into double play, 4-6-3 (Groundball, 4, EV 107.5 MPH)
|
Top of the 9th over - 2 runs, 2 hits, 1 error, 2 left on base; California State University at Fullerton 4 - University of Georgia 9 |
|